 Dungeon Crawl Stone Soup version 0.19.0-22-gd96e5fe (webtiles) character file.

1200 smedtjen the Firebug (level 8, -11/59 HPs)
             Began as a Demigod Fire Elementalist on Nov 18, 2016.
             Shot with an arrow by a centaur (14 damage)
             ... on level 5 of the Dungeon.
             The game lasted 00:40:41 (9479 turns).

smedtjen the Firebug (Demigod Fire Elementalist)    Turns: 9479, Time: 00:40:42

Health: -11/59     AC:  5    Str: 11    XL:     8   Next: 1%
Magic:  8/18       EV: 13    Int: 23    God:
Gold:   111        SH:  0    Dex: 16    Spells: 3 memorised, 10 levels left

rFire  . . .     SeeInvis .     j - +0 quarterstaff
rCold  . . .     Gourm    .     v - +1 leather armour {rPois}
rNeg   . . .     Faith    .     (shield currently unavailable)
rPois  +         Spirit   .     w - +0 hat
rElec  .         Reflect  .     (no cloak)
rCorr  .         Harm     .     l - +0 pair of gloves
MR     .....                    (no boots)
Stlth  ++........               (no amulet)
                                (no ring)
                                (no ring)

@: no status effects
A: high mp 1
a: no special abilities


You were on level 5 of the Dungeon.
You were not hungry.

You visited 1 branch of the dungeon, and saw 5 of its levels.

You collected 111 gold pieces.

Inventory:

Hand Weapons
 f - a +1 flail of protection
 i - a +1 short sword of flaming
 j - a +0 quarterstaff (weapon)
 p - a +0 scimitar
 s - a +0 long sword
 y - a +1 hand axe of freezing
Missiles
 q - 164 stones (quivered)
Armour
 a - a +0 robe
 g - a +0 crystal plate armour
 l - a +0 pair of gloves (worn)
 u - a +0 pair of gloves
 v - a +1 leather armour of poison resistance (worn)
 w - a +0 hat (worn)
Jewellery
 x - an uncursed ring of teleportation
Scrolls
 d - 3 scrolls of remove curse
Potions
 e - 3 potions of curing
 k - a potion of agility
 m - a potion of cure mutation
Books
 b - a book of Flames

   Spells                             Type                      Level
   a - Flame Tongue                   Conjuration/Fire             1
   b - Throw Flame                    Conjuration/Fire             2
   c - Conjure Flame                  Conjuration/Fire             3
   d - Inner Flame                    Hexes/Fire                   3
   e - Sticky Flame                   Conjuration/Fire             4
   f - Fireball                       Conjuration/Fire             5
Comestibles
 c - 3 chunks of flesh


   Skills:
 + Level 1.3 Fighting
 + Level 1.2 Staves
 + Level 1.0 Armour
 + Level 3.1 Dodging
 + Level 3.1 Stealth
 + Level 4.7 Spellcasting
 + Level 3.5 Conjurations
 + Level 5.5 Fire Magic


You had 10 spell levels left.
You knew the following spells:

 Your Spells              Type           Power        Failure   Level  Hunger
a - Flame Tongue          Conj/Fire      ####.        1%          1    None
b - Throw Flame           Conj/Fire      ####..       3%          2    None
c - Conjure Flame         Conj/Fire      ####....     8%          3    ##.....


Dungeon Overview and Level Annotations

Branches:
Dungeon (5/15)
 Temple: D:4-7

Shops:
D:4 *%


Innate Abilities, Weirdness & Mutations

You have an increased reservoir of magic. (+10% MP)


Message History

An orc comes into view. It is wielding a whip.
The orc barely misses you. The orc wizard closely misses you.
The orc wizard casts a spell at you. The magic dart hits you!
* * * LOW HITPOINT WARNING * * *
The orc closely misses you.
The orc shouts!
The orc shouts!
The leopard gecko hisses angrily.
You hear an angry hiss.
The centaur shoots an arrow.
The arrow closely misses you.
A hound comes into view.
The orc wizard casts a spell.
The orc wizard seems to speed up.
The orc wizard gestures wildly while chanting.
The centaur shoots an arrow.
The arrow misses you.
The centaur shoots an arrow.
The arrow hits you!
* * * LOW HITPOINT WARNING * * *
You see here an arrow.
The centaur shoots an arrow.
The arrow hits you!
You die...

#..........#....# ....
#......#####....# .... #......#
#....# .... #......#
#....#######l...
#.#####......#####....#........##
#...........>................o...
#######.##..........#+#....((.h..
#.##..........+_+.##.(.....
#.##......@.o.#'####.......
#.###...#(..cohol......#... #.#
#...######o...)(.).+.[. #.#.....#
#...#####.#...
#.#....###...#...###.......
#.#....###...#.........#...
#.###........##..###...#.#.
######.#####......##..###...# #
#.......####......##........


You could see a centaur, a hound, 2 orc wizards, 2 orcs and a leopard gecko.

Vanquished Creatures
  A hungry ghost (D:5)
  Edmund (D:4)
  An ice beast (D:5)
  3 ogres (D:4)
  2 hounds
  2 orc priests
  A bullfrog skeleton (D:4)
  5 orc wizards
  An iguana (D:4)
  A centaur skeleton (D:4)
  Terence (D:3)
  3 worker ants (D:4)
  8 adders
  2 worms (D:2)
  2 dart slugs
  2 leopard geckos
  11 orcs
  4 bats
  9 giant cockroaches
  12 goblins
  9 hobgoblins
  2 jackals (D:2)
  2 quokkas
  5 frilled lizards
  10 kobolds
  A leopard gecko skeleton (D:4)
  A quokka skeleton (D:4)
  5 rats
  A plant (D:2)
108 creatures vanquished.

Notes
Turn   | Place    | Note
-------+----------+-------------------------------------------
     0 | D:1      | smedtjen the Demigod Fire Elementalist began the quest for the Orb.
     0 | D:1      | Reached XP level 1. HP: 14/14 MP: 5/5
   497 | D:1      | Reached skill level 3 in Fire Magic
   497 | D:1      | Reached XP level 2. HP: 20/20 MP: 5/7
   501 | D:1      | Learned a level 2 spell: Throw Flame
  1070 | D:1      | Reached skill level 1 in Conjurations
  1525 | D:2      | Found a shadowy altar of Dithmenos.
  1559 | D:2      | Reached XP level 3. HP: 26/26 MP: 1/8
  2588 | D:2      | Reached XP level 4. HP: 33/33 MP: 5/10
  3432 | D:2      | Found a blossoming altar of Fedhas.
  3915 | D:3      | Found a sparkling altar of Nemelex Xobeh.
  4258 | D:3      | Noticed Terence
  4281 | D:3      | Killed Terence
  4923 | D:3      | Reached skill level 4 in Fire Magic
  4923 | D:3      | Reached XP level 5. HP: 30/38 MP: 0/12
  5546 | D:4      | Found Ythuprin's Food Boutique.
  5668 | D:4      | Noticed Edmund
  5671 | D:4      | Noticed an ogre
  5680 | D:4      | Noticed an ogre
  6081 | D:4      | Found a faded altar of an unknown god.
  6081 | D:4      | Found a faded altar of an unknown god.
  6089 | D:4      | Found a stormy altar of Qazlal.
  6153 | D:4      | Found a snail-covered altar of Cheibriados.
  6155 | D:4      | Found a faded altar of an unknown god.
  6527 | D:4      | Reached XP level 6. HP: 42/45 MP: 3/14
  6628 | D:4      | Found a shimmering altar of Xom.
  6639 | D:4      | Reached skill level 1 in Staves
  7087 | D:4      | Killed Edmund
  7087 | D:4      | Reached skill level 1 in Fighting
  7411 | D:4      | Reached XP level 7. HP: 52/52 MP: 9/16
  7692 | D:4      | Found Malut's Assorted Antiques.
  8511 | D:5      | Entered Level 5 of the Dungeon
  8519 | D:5      | Learned a level 3 spell: Conjure Flame
  8532 | D:5      | Reached skill level 5 in Fire Magic
  8818 | D:5      | Noticed a hungry ghost
  8836 | D:5      | Killed a hungry ghost
  9193 | D:5      | Reached skill level 1 in Armour
  9358 | D:5      | Reached XP level 8. HP: 56/59 MP: 14/18
  9370 | D:5      | Found a radiant altar of Vehumet.
  9479 | D:5      | Shot with an arrow by a centaur

Skill      XL: |  1  2  3  4  5  6  7 |
---------------+----------------------+-----
Fire Magic     | 3 4 5 |  5.5
Spellcasting   | 2 3 4 |  4.7
Dodging        | 2 3 |  3.1
Conjurations   | 1 2 3 |  3.5
Stealth        | 2 3 |  3.1
Staves         | 1 |  1.2
Fighting       | 1 |  1.3
Armour         | 1 |  1.0

Action                   |  1- 3 |  4- 6 |  7- 9 || total
-------------------------+-------+-------+-------++-------
Melee: Unarmed           |     3 |       |       ||     3
       Quarterstaff      |     4 |    68 |     8 ||    80
 Cast: Flame Tongue      |    39 |    98 |    32 ||   169
       Throw Flame       |    27 |    51 |    25 ||   103
       Conjure Flame     |       |       |     2 ||     2
  Use: Scroll            |     1 |     4 |     6 ||    11
       Potion            |       |     1 |     6 ||     7
  Eat: Bread ration      |     1 |     1 |     2 ||     4
       Chunk             |     1 |     1 |       ||     2
       Meat ration       |     1 |     1 |       ||     2
       Beef jerky        |       |     1 |       ||     1
       Pizza             |       |     1 |       ||     1
Armor: Robe              |     7 |    21 |       ||    28
       Leather armour    |       |       |     9 ||     9
Dodge: Dodged            |    19 |    76 |    36 ||   131
